 Dungeon Crawl Stone Soup version 0.21-a0-28-g9a7844a (webtiles) character file.

200612 kapak the Destroyer (level 18, 0/112 HPs)
             Began as a Gargoyle Earth Elementalist on May 25, 2017.
             Was the Champion of Vehumet.
             Hit by a javelin thrown by a merfolk javelineer (25 damage)
             ... on level 4 of the Shoals on May 26, 2017.
             The game lasted 04:17:50 (59777 turns).

kapak the Destroyer (Gargoyle Earth Elementalist)  Turns: 59777, Time: 04:17:51

Health: 0/112      AC: 31    Str: 14    XL:     18   Next: 96%
Magic:  12/57      EV: 14    Int: 31    God:    Vehumet [******]
Gold:   2492       SH:  0    Dex:  5    Spells: 3/40 levels left

rFire    . . .     SeeInvis +   q - staff of power
rCold    + . .     Gourm    +   (no shield)
rNeg     + . .     Faith    .   F - +0 troll leather armour
rPois    ∞         Spirit   .   U - +1 helmet of Indecent Exposure {+Inv rPois MR+ Int+3}
rElec    +         Reflect  .   Y - +2 cloak {rC+}
rCorr    .         Harm     .   e - +5 pair of gloves "Iggycota" {rPois Int+3 Dex-5}
MR       ++...                  (no boots)
Stlth    +.........             r - amulet of the gourmand
Regen    0.7/turn               R - ring of Mysticism {Int+3 SInv}
MPRegen  0.4/turn               s - ring of magical power

@: about to teleport, flying, studying Dodging
A: big wings, negative energy resistance 1, electricity resistance, unbreathing,
petrification resistance, rot immunity, AC +13
a: Stop Flying, Renounce Religion, Evoke Invisibility


You were on level 4 of the Shoals.
You worshipped Vehumet.
Vehumet was exalted by your worship.
You were very full.

You visited 7 branches of the dungeon, and saw 30 of its levels.
You also visited: Bailey and Ice Cave.

You collected 3239 gold pieces.
You spent 747 gold pieces at shops.

Inventory:

Missiles
 b - 857 stones (quivered)
Armour
 e - the +5 pair of gloves "Iggycota" (worn) {rPois Int+3 Dex-5}
   (You found it on level 5 of the Dungeon)

   It affects your intelligence (+3).
   It affects your dexterity (-5).
   It protects you from poison.
 C - the +3 large shield of Gantevif {rPois Str+7 Slay-3}
   (You took it off Louise on level 14 of the Dungeon)

   It affects your strength (+7).
   It affects your accuracy and damage with ranged weapons and melee attacks
   (-3).
   It protects you from poison.
 F - a +0 troll leather armour (worn)
 N - a +2 shield of reflection
 U - the +1 helmet of Indecent Exposure (worn) {+Inv rPois MR+ Int+3}
   (You bought it in a shop on level 1 of the Orcish Mines)

   It affects your intelligence (+3).
   It protects you from poison.
   It affects your resistance to hostile enchantments.
   It lets you turn invisible.
 Y - a +2 cloak of cold resistance (worn)
Magical Staves
 l - an uncursed staff of energy
 q - an uncursed staff of power (weapon)
Jewellery
 a - an uncursed ring of protection from cold
 i - a +4 ring of evasion
 r - an amulet of the gourmand (around neck)
 s - a ring of magical power (right hand)
 I - an uncursed ring of protection from fire
 P - a +2 ring of dexterity {unknown}
 Q - a cursed ring of loudness {unknown}
 R - the ring of Mysticism (left hand) {Int+3 SInv}
   (You bought it in a shop on level 1 of the Orcish Mines)

   [ring of see invisible]

   It affects your intelligence (+3).
   It lets you see invisible.
Wands
 o - a wand of disintegration (15/24)
 w - a wand of lightning (0/15)
 x - a wand of random effects (26/48)
 B - a wand of lightning (8/15)
 H - a wand of iceblast (8/15)
 L - a wand of acid (0/15)
 X - a wand of digging (13/24)
Scrolls
 h - 5 scrolls of fear
 j - a scroll of fog
 m - a scroll of teleportation
 v - 9 scrolls of identify
 y - a scroll of acquirement {unknown}
 z - 10 scrolls of remove curse
 A - 5 scrolls of amnesia
 E - a scroll of silence {unknown}
 J - a scroll of enchant weapon
 M - 2 scrolls of recharging
Potions
 n - 5 potions of might
 p - a potion of cancellation
 G - 4 potions of curing
 O - a potion of brilliance
Books
 K - a manual of Dodging
Miscellaneous
 D - a crystal ball of energy
Comestibles
 d - 14 bread rations
 f - 9 royal jellies
 g - 17 fruits
 k - 13 meat rations


   Skills:
 + Level 12.0 Fighting
   Level 9.7 Maces & Flails
 + Level 11.5 Armour
 + Level 10.5 Dodging
 - Level 2.1 Stealth
 + Level 10.7 Shields
 + Level 11.9 Spellcasting
 + Level 12.9 Conjurations
   Level 0.7 Transmutations
 * Level 10.9 Fire Magic
 - Level 12.7 Earth Magic
 + Level 10.1 Evocations


You had 3 spell levels left.
You knew the following spells:

 Your Spells              Type           Power        Failure   Level  Hunger
a - Sandblast             Erth           ######       0%          1    None
b - Stone Arrow           Conj/Erth      ######       1%          3    None
c - Lee's Rapid Deconstr  Erth           #######...   1%          5    ##.....
d - Conjure Flame         Conj/Fire      #######.     1%          3    None
e - Blink                 Tloc           N/A          4%          2    None
f - Sticky Flame          Conj/Fire      #######.     1%          4    None
g - Fireball              Conj/Fire      #######...   1%          5    ##.....
h - Iron Shot             Conj/Erth      #######...   1%          6    ####...
i - Ignition              Fire           ######....   47%         8    #######


Dungeon Overview and Level Annotations

Branches:
Dungeon (15/15)            Temple (1/1) D:5            Lair (6/6) D:9
 Shoals (4/4) Lair:4       Spider (0/4) Lair:3        Slime (1/5) Lair:6
    Orc (2/2) D:12            Elf (0/3) Orc:2        Vaults (0/5) D:14
 Depths (1/5) D:15

Altars:
Ashenzari
Cheibriados
Dithmenos
Elyvilon
Fedhas
Gozag
Hepliaklqana
Okawaru
Qazlal
Sif Muna
Trog
Vehumet
Xom
Yredelemnul
Zin
Jiyva

Shops:
D:4 **   D:11 (   D:12 *   D:15 (:}   Orc:1 ([%=*   Orc:2 :[%[   Shoals:1 ?

Annotations:
D:13 2 transporters, exclusion: obsidian statue


Innate Abilities, Weirdness & Mutations

You are resistant to torment.
Your stone body is resilient. (AC +13)
You are immune to poison.
Your large and strong wings let you fly indefinitely.
You resist negative energy. (rN+)
You are resistant to electric shocks. (rElec)
You can survive without breathing.
You are immune to petrification.
You are immune to rotting.


Message History

* * * LOW HITPOINT WARNING * * *
You hear a splash.
The merfolk javelineer throws a javelin.
The javelin closely misses you.
Found 27 gold pieces.
The merfolk javelineer throws a javelin.
The javelin hits you but does no damage.
You see here a javelin.
A water nymph comes into view.
The merfolk javelineer throws a javelin.
The javelin hits you.
* * * LOW HITPOINT WARNING * * *
You see here a javelin.
As you read the scroll of teleportation, it crumbles to dust.
You feel strangely unstable. The water nymph touches you.
* * * LOW HITPOINT WARNING * * *
The merfolk javelineer throws a javelin.
The javelin hits you!!
You die...

#...≈P≈P≈ #...PP≈≈≈ .
#(..≈≈≈≈≈ P.
###m.PPP≈≈≈ ...
###.(.P.≈≈≈≈≈
..P.#####.≈..$.≈P≈≈≈≈
........≈≈≈.P.P≈≈P≈≈≈
.......≈≈≈≈...≈≈≈≈≈≈≈
.......@m≈≈...≈≈≈≈≈≈≈
......P≈≈≈≈...≈≈≈≈≈≈≈
≈≈≈....≈≈≈≈≈..####≈≈≈
≈≈≈≈≈..≈...#### ≈≈
≈≈≈≈≈....##..
≈≈≈≈≈.≈..# ...
≈≈≈≈≈≈≈≈.# #.#.
≈≈≈≈≈≈≈≈.# .


You could see a merfolk javelineer and a water nymph.

Vanquished Creatures
  Frances (D:13)
  Kirke (D:15)
  Ilsuiw (Shoals:4)
  Donald (Shoals:1)
  Louise (D:14)
  3 frost giants
  A very ugly thing (D:15)
  2 dire elephants (Lair:6)
  3 merfolk javelineers
  2 yaktaur captains (D:15)
  2 great orbs of eyes (D:15)
  11 merfolk impalers
  12 vault guards
  A rakshasa (D:15)
  3 catoblepae
  16 hydras
  5 centaur warriors
  13 two-headed ogres
  A merfolk aquamancer (Shoals:4)
  8 death yaks
  A death knight (D:15)
  A merfolk avatar (Shoals:2)
  5 satyrs
  A tengu warrior (D:15)
  A deep troll shaman (D:15)
  2 ogre magi (D:15)
  3 orc high priests (Orc:2)
  Sonja (D:15)
  4 skeletal warriors (D:15)
  A shadow wraith (D:15)
  6 sea snakes
  4 unseen horrors
  A wizard (D:14)
  A deep troll (D:15)
  A necromancer (D:15)
  A lindwurm (Lair:6)
  6 orc knights
  2 wolf spider zombies (D:15)
  26 harpies
  An oklob plant (Lair:1)
  A deep elf mage (D:15)
  A wolf spider (D:15)
  5 orc sorcerers (Orc:2)
  6 ugly things
  17 manticores
  27 fauns
  9 cyclopes
  8 elephants
  6 merfolk sirens
  An ice statue (IceCv)
  6 black mambas
  9 water nymphs
  3 gargoyles
  23 spiny frogs
  3 torpor snails
  4 kobold demonologists
  2 freezing wraiths (D:15)
  5 rime drakes
  A komodo dragon (shapeshifter) (D:14)
  9 komodo dragons
  5 wind drakes
  A meliai (D:15)
  17 polar bears
  9 trolls
  33 merfolk
  5 hornets
  Prince Ribbit (D:6)
  45 dream sheep
  18 blink frogs
  6 slime creatures
  16 snapping turtles
  16 hippogriffs
  3 redbacks (Lair:3)
  3 shadows
  7 water elementals
  38 yaks
  A vampire (D:15)
  15 wyverns
  11 basilisks
  6 hogs (D:15)
  2 steam dragons
  3 hungry ghosts
  3 wargs
  16 water moccasins
  A soldier ant (D:13)
  2 floating eyes
  43 orc warriors
  9 porcupines
  4 hell hounds
  9 ice beasts
  2 black bears
  3 hornet zombies
  5 sky beasts
  5 boggarts (D:15)
  12 ogres
  The ghost of Shayle the Poker, an amateur MfCK of Xom (D:3)
  28 wolves
  A necrophage (D:10)
  10 centaurs
  Blork the orc (D:5)
  20 crocodiles
  7 big kobolds
  17 bullfrogs
  7 scorpions
  A water moccasin skeleton (D:6)
  A wyvern skeleton (D:9)
  17 killer bees
  7 wights
  3 howler monkeys
  8 jellies
  3 electric eels
  8 crimson imps
  3 quasits
  8 hounds
  27 orc priests
  10 centaur zombies
  Crazy Yiuf (D:6)
  7 centaur skeletons
  2 iguanas
  29 orc wizards
  A hell rat (Lair:6)
  8 worker ants
  A hound zombie (D:6)
  A hound skeleton (D:4)
  A worker ant zombie (D:8)
  7 gnolls
  14 adders
  5 shadow imps
  3 oozes
  An adder skeleton (D:7)
  An adder zombie (D:6)
  3 worms
  7 leopard geckos
  107 orcs
  A ball python (D:2)
  10 bats
  6 giant cockroaches
  8 goblins
  13 hobgoblins
  15 jackals
  27 kobolds
  2 quokkas (D:4)
  5 frilled lizards
  A leopard gecko skeleton (D:4)
  A quokka skeleton (D:9)
  2 quokka zombies
  10 rats
  2 bushes (Shoals:2)
  A plant (Lair:1)
  A withered plant (Shoals:2)
1170 creatures vanquished.

Vanquished Creatures (others)
  A faun (Shoals:2)
  A human (D:15)
  An orc wizard (D:8)
  An orc (D:8)
  2 bushes (Lair:6)
  32 fungi
  39 plants
77 creatures vanquished.

Grand Total: 1247 creatures vanquished

Notes
Turn   | Place    | Note
-------+----------+-------------------------------------------
     0 | D:1      | kapak the Gargoyle Earth Elementalist began the quest for the Orb.
     0 | D:1      | Reached XP level 1. HP: 10/10 MP: 3/3
   175 | D:1      | Reached XP level 2. HP: 4/15 MP: 0/5
  1181 | D:1      | Reached XP level 3. HP: 16/19 MP: 7/7
  1235 | D:1      | Learned a level 3 spell: Stone Arrow
  1772 | D:1      | You fall through a shaft!
  1773 | D:2      | Found a deep blue altar of Sif Muna.
  2276 | D:2      | Reached skill level 1 in Conjurations
  2276 | D:2      | Reached XP level 4. HP: 11/24 MP: 5/8
  3396 | D:3      | Found a shimmering altar of Xom.
  3396 | D:3      | Found a shimmering altar of Xom.
  3396 | D:3      | Found a shimmering altar of Xom.
  3396 | D:3      | Found a shimmering altar of Xom.
  3396 | D:3      | Found a shimmering altar of Xom.
  3398 | D:3      | Reached XP level 5. HP: 28/28 MP: 7/10
  3553 | D:3      | Learned a level 5 spell: Lee's Rapid Deconstruction
  4041 | D:3      | Found an iron altar of Okawaru.
  4043 | D:3      | Noticed Shayle's ghost (amateur MfCK)
  4053 | D:3      | Reached skill level 5 in Earth Magic
  4127 | D:3      | Killed Shayle's ghost
  4127 | D:3      | Reached XP level 6. HP: 18/32 MP: 0/12
  5011 | D:4      | Found Zin's Purification Station.
  5014 | D:4      | Found a glowing silver altar of Zin.
  5017 | D:4      | Found Lidykh's Assorted Antiques.
  5151 | D:4      | Reached skill level 5 in Spellcasting
  5151 | D:4      | Reached XP level 7. HP: 36/36 MP: 9/14
  6028 | D:5      | Entered Level 5 of the Dungeon
  6380 | D:5      | Noticed Blork the orc
  6383 | D:5      | Killed Blork the orc
  6551 | D:5      | Found a white marble altar of Elyvilon.
  6727 | D:5      | Found a staircase to the Ecumenical Temple.
  6736 | Temple   | Entered the Ecumenical Temple
  6769 | Temple   | Became a worshipper of Vehumet
  6831 | D:5      | Got a pair of twisted gloves
  6842 | D:5      | Identified the +5 pair of gloves "Iggycota" {rPois Int+3 Dex-5} (You found it on level 5 of the Dungeon)
  7168 | D:5      | Found an iron altar of Okawaru.
  7168 | D:5      | Found a bloodstained altar of Trog.
  7269 | D:5      | Found a snail-covered altar of Cheibriados.
  7704 | D:6      | Reached XP level 8. HP: 41/41 MP: 17/17
  7888 | D:4      | Bought 2 scrolls of remove curse for 132 gold pieces
  8306 | D:6      | Found a runed door.
  8346 | D:6      | Reached skill level 5 in Conjurations
  8522 | D:6      | Noticed Prince Ribbit
  8530 | D:6      | Killed Prince Ribbit
  8724 | D:6      | Found an opulent altar of Gozag.
  8782 | D:6      | Reached skill level 1 in Maces & Flails
  8782 | D:6      | Reached skill level 1 in Armour
  8782 | D:6      | Reached skill level 1 in Fighting
  8782 | D:6      | Reached skill level 1 in Evocations
  9038 | D:6      | Reached * piety under Vehumet
  9038 | D:6      | Offered knowledge of Shock by Vehumet.
  9038 | D:6      | Reached XP level 9. HP: 47/47 MP: 19/19
  9171 | D:6      | Noticed Crazy Yiuf
  9172 | D:6      | Killed Crazy Yiuf
  9412 | D:7      | Found a flagged portal.
  9424 | Bailey   | Entered a bailey
  9694 | Bailey   | Noticed an orc knight
 10041 | Bailey   | Killed an orc knight
 10855 | D:7      | Noticed a two-headed ogre
 10863 | D:7      | Killed a two-headed ogre
 10863 | D:7      | Reached XP level 10. HP: 40/56 MP: 18/21
 11119 | D:7      | Found a shattered altar of Ashenzari.
 11374 | D:7      | Found a radiant altar of Vehumet.
 11750 | D:7      | Found a blossoming altar of Fedhas.
 12051 | D:8      | Reached ** piety under Vehumet
 12051 | D:8      | Offered knowledge of Magic Dart by Vehumet.
 12412 | D:8      | Noticed a two-headed ogre
 12422 | D:8      | Killed a two-headed ogre
 12492 | D:8      | Found a stormy altar of Qazlal.
 12493 | D:8      | Found a shadowy altar of Dithmenos.
 13462 | D:8      | Offered knowledge of Inner Flame by Vehumet.
 13740 | D:9      | Reached *** piety under Vehumet
 13994 | D:9      | Reached skill level 1 in Shields
 14148 | D:9      | Offered knowledge of Airstrike by Vehumet.
 14664 | D:9      | Found a staircase to the Lair.
 14672 | D:9      | Reached XP level 11. HP: 41/62 MP: 22/23
 15184 | D:9      | Found a basalt altar of Yredelemnul.
 15226 | D:9      | Reached skill level 5 in Fighting
 15337 | D:9      | Reached **** piety under Vehumet
 15593 | Lair:1   | Entered Level 1 of the Lair of Beasts
 15609 | Lair:1   | Offered knowledge of Conjure Flame by Vehumet.
 15783 | Lair:1   | Noticed an oklob plant
 16048 | Lair:1   | Killed an oklob plant
 16048 | Lair:1   | Reached skill level 5 in Armour
 16112 | Lair:1   | Learned a level 3 spell: Conjure Flame
 16115 | Lair:1   | Learned a level 2 spell: Blink
 16763 | Lair:1   | Reached skill level 1 in Fire Magic
 16963 | Lair:1   | You fall through a shaft!
 17784 | Lair:2   | Reached skill level 5 in Maces & Flails
 17933 | Lair:2   | Noticed an eight-headed hydra
 17950 | Lair:2   | Killed an eight-headed hydra
 17950 | Lair:2   | Reached skill level 5 in Dodging
 18499 | Lair:2   | Reached XP level 12. HP: 69/69 MP: 24/24
 18805 | Lair:3   | Found a hole to the Spider Nest.
 19173 | Lair:3   | Reached ***** piety under Vehumet
 19173 | Lair:3   | Offered knowledge of Sticky Flame by Vehumet.
 19628 | Lair:3   | Reached skill level 5 in Evocations
 19695 | Lair:3   | Noticed a seven-headed hydra
 19724 | Lair:3   | Killed a seven-headed hydra
 21016 | Lair:4   | Reached skill level 10 in Earth Magic
 21460 | Lair:4   | You fall through a shaft for 2 floors!
 21460 | Lair:6   | Entered Level 6 of the Lair of Beasts
 21489 | Lair:6   | Noticed a death yak
 21496 | Lair:6   | Noticed a death yak
 21497 | Lair:6   | Noticed a death yak
 21498 | Lair:6   | Noticed a death yak
 21503 | Lair:5   | Killed a death yak
 21503 | Lair:5   | Reached skill level 5 in Shields
 21682 | Lair:5   | Noticed a five-headed hydra
 21688 | Lair:5   | Killed a five-headed hydra
 21915 | Lair:5   | Reached XP level 13. HP: 76/76 MP: 26/26
 21954 | Lair:5   | Learned a level 4 spell: Sticky Flame
 24737 | Lair:4   | Found a staircase to the Shoals.
 25978 | Lair:6   | Found a runed door.
 25978 | Lair:6   | Found a viscous altar of Jiyva.
 25982 | Lair:6   | Found a staircase to the Slime Pits.
 25994 | Lair:6   | Offered knowledge of Throw Icicle by Vehumet.
 26055 | Slime:1  | Entered Level 1 of the Pits of Slime
 26057 | Slime:1  | Noticed an acid blob
 26259 | Lair:6   | Gained mutation: Your large and strong wings let you fly indefinitely. [Gargoyle growth]
 26259 | Lair:6   | Reached XP level 14. HP: 78/84 MP: 23/27
 26310 | Lair:6   | Reached skill level 10 in Conjurations
 26716 | Lair:6   | Reached skill level 5 in Fire Magic
 28419 | Lair:6   | Noticed a dire elephant
 28484 | Lair:6   | Killed a dire elephant
 30271 | Lair:6   | Reached skill level 10 in Spellcasting
 30526 | Lair:6   | Reached XP level 15. HP: 90/90 MP: 29/29
 31248 | D:10     | Entered Level 10 of the Dungeon
 31848 | D:10     | Offered knowledge of Bolt of Fire by Vehumet.
 32924 | D:11     | Found Zybakhluif's Antique Weapon Emporium.
 33784 | D:12     | Found a staircase to the Orcish Mines.
 34370 | D:12     | Found Gilugg's Demolitions Depot.
 34689 | D:12     | Found a shattered altar of Ashenzari.
 34881 | Orc:1    | Entered Level 1 of the Orcish Mines
 35320 | Orc:1    | Found Haugg's Antique Weapon Shoppe.
 35423 | Orc:1    | Found Kyif's Antique Armour Boutique.
 35426 | Orc:1    | Bought an ancient helmet for 304 gold pieces
 35431 | Orc:1    | Identified the +1 helmet of Indecent Exposure {+Inv rPois MR+ Int+3} (You bought it in a shop on level 1 of the Orcish Mines)
 35627 | Orc:2    | Entered Level 2 of the Orcish Mines
 36357 | Orc:2    | Paralysed by an orc sorcerer for 7 turns
 36366 | Orc:2    | Paralysed by an orc sorcerer for 2 turns
 36615 | Orc:2    | Found a staircase to the Elven Halls.
 37007 | Orc:2    | Offered knowledge of Fireball by Vehumet.
 37624 | Orc:2    | Found Biteomn's Armour Emporium.
 37624 | Orc:2    | Found Joce's Book Emporium.
 37625 | Orc:2    | Found Ruixziru's Armour Shop.
 37630 | Orc:2    | Found Xivodej's Food Shop.
 37650 | Orc:2    | Learned a level 5 spell: Fireball
 37874 | Orc:1    | Found Beotacej's Jewellery Shoppe.
 37874 | Orc:1    | Found Suclud's General Store.
 37887 | Orc:1    | Found Nippos's Food Emporium.
 38586 | Orc:1    | Bought the ring of Mysticism {Int+3 SInv} for 311 gold pieces
 38709 | Orc:1    | You fall through a shaft!
 39176 | D:13     | Offered knowledge of Iron Shot by Vehumet.
 39476 | D:13     | Found a stormy altar of Qazlal.
 39534 | D:13     | Found a frozen archway.
 39544 | IceCv    | Entered an ice cave
 39926 | IceCv    | Reached XP level 16. HP: 92/97 MP: 21/30
 40219 | IceCv    | Reached skill level 10 in Fighting
 41036 | IceCv    | Learned a level 6 spell: Iron Shot
 41428 | D:13     | Noticed Frances
 41434 | D:13     | Killed Frances
 42100 | D:14     | Found a hazy altar of Hepliaklqana.
 42811 | D:14     | Offered knowledge of Orb of Destruction by Vehumet.
 43658 | D:14     | Found a gate to the Vaults.
 44701 | D:14     | Noticed Louise
 44826 | D:14     | Killed Louise
 44829 | D:14     | Got a smoking large shield
 44835 | D:14     | Identified the +3 large shield of Gantevif {rPois Str+7 Slay-3} (You took it off Louise on level 14 of the Dungeon)
 45086 | D:15     | Entered Level 15 of the Dungeon
 45281 | D:15     | Paralysed by a floating eye for 2 turns
 45575 | D:15     | Noticed Sonja
 45872 | D:15     | Killed Sonja
 46181 | D:15     | Noticed Kirke
 46496 | D:15     | Killed Kirke
 47431 | D:15     | Reached XP level 17. HP: 104/104 MP: 32/32
 47466 | D:15     | Paralysed by a floating eye for 3 turns
 47477 | D:15     | Paralysed by a floating eye for 2 turns
 47895 | D:15     | Reached skill level 10 in Armour
 48724 | D:15     | Got a smoking wooden ring
 48970 | D:14     | Identified the ring of Ixinay {rCorr rElec} (You found it on level 15 of the Dungeon)
 49077 | D:15     | Got a steaming copper ring
 49238 | D:15     | Found Ejoinun's Book Emporium.
 49736 | D:15     | Found a staircase to the Depths.
 49842 | D:15     | Found Baaqaz's Gadget Emporium.
 50431 | D:15     | Got a slimy pewter ring
 50621 | D:15     | Found Cosix's Weapon Emporium.
 50690 | Depths:1 | Entered Level 1 of the Depths
 50863 | Lair:1   | Identified the ring of Devotion {*Corrode rPois Dex+3} (You took it off a kobold demonologist on level 15 of the Dungeon)
 50865 | Lair:1   | Identified the ring "Cesecij" {rC+ MR+ Str+3 Dex-2 Slay+3} (You found it on level 15 of the Dungeon)
 50973 | Shoals:1 | Entered Level 1 of the Shoals
 51521 | Shoals:1 | Offered knowledge of Bolt of Cold by Vehumet.
 51897 | Shoals:1 | Found Jebogoe's Magic Scroll Boutique.
 52607 | Shoals:1 | Noticed Donald
 52614 | Shoals:1 | Killed Donald
 53148 | Shoals:1 | Reached skill level 10 in Shields
 54451 | Shoals:2 | Reached XP level 18. HP: 110/110 MP: 33/33
 55619 | Shoals:2 | Reached ****** piety under Vehumet
 56103 | Shoals:3 | Offered knowledge of Lehudib's Crystal Spear by Vehumet.
 56103 | Shoals:3 | Offered knowledge of Shatter by Vehumet.
 56103 | Shoals:3 | Offered knowledge of Ignition by Vehumet.
 56233 | Shoals:2 | Reached skill level 10 in Fire Magic
 56304 | Shoals:2 | Learned a level 8 spell: Ignition
 57197 | Shoals:3 | Reached skill level 10 in Dodging
 58727 | Shoals:4 | Entered Level 4 of the Shoals
 58981 | Shoals:4 | Reached skill level 10 in Evocations
 59350 | Shoals:4 | Noticed Ilsuiw
 59695 | Shoals:4 | Killed Ilsuiw
 59777 | Shoals:4 | Hit by a javelin thrown by a merfolk javelineer

Vault maps used:
D:1:      lemuel_arrival_lava_pool, minmay_misc_feat_pillars
D:2:      overflow_temple_1_default
D:3:      xom_redecorated, okawaru_gym_becter
D:4:      zin_purify, first_bread, serial_shops, shop
D:5:      grunt_temple_overflow_bloody_war, nicolae_overflow_crystal_walls,
          cheibriados_altar_1, minmay_temple_entry_nine_rooms,
          uniq_blork_the_orc
D:6:      grunt_gozag_statues, kennysheep_donut, uniq_crazy_yiuf_cottage,
          uniq_prince_ribbit1
D:7:      lemuel_coloured_pillars_altar, nicolae_overflow_hidden_temple,
          enter_bailey_2, basic_altar
D:8:      nicolae_dithmenos_through_a_glass_darkly, grunt_qazlal_clouds
D:9:      lemuel_crystal_altar, minmay_lair_entry_lava
D:11:     serial_shops, nicolae_shop_window_shopping, grunt_ogre_cave
D:12:     orc_0_dummy, basic_altar, nicolae_blasting_shop
D:13:     portal_ice_cave_entry_animals_and_master, basic_altar,
          gammafunk_sealed_arena, uniq_frances
D:14:     erik_vaults_2, lemuel_doored_altar, uniq_louise
D:15:     hangedman_spin_cycle, serial_shops, uniq_sonja
Temple:   nicolae_temple_figure_zero
Lair:1:   minmay_lair_oklob_chamber
Lair:2:   st_stairs_13, serial_bayou_shore_a
Lair:3:   spider_nest_entry_webs
Lair:4:   statuecave_lemuel, elwin_shoals_entry_stream, serial_bayou_shore_b
Lair:5:   infiniplex_staircase_pool, grunt_megastairs_5
Lair:6:   hangedman_lair_in_review, slime_altar_2, special_room,
          serial_bayou_shore_b
Shoals:1: serial_shops, nicolae_shop_window_shopping, uniq_donald
Shoals:2: cheibrodos_shoals_satyrical_garden, argonaut_gorgonesque
Shoals:3: nicolae_shoals_isolated_beach
Shoals:4: shoals_end_grunt_ice, shoals_ilsuiw_alternative
Orc:1:    minmay_goldmine, serial_shops, shop, nicolae_shop_behind_doors, shop,
          shop, shop, nicolae_orc_flooded_monolith
Orc:2:    st_orc_elflike
Depths:1: pf_coc_iceberg, serial_bayou, serial_bayou_lagoon_b,
          serial_bayou_pond_c, serial_bayou_ford_a, serial_bayou_pond_d,
          old_standard_altar, serial_shops, kennysheep_mini,
          lightli_corner_chamber
Bailey:   bailey_polearm_1, bailey
IceCv:    ice_cave_small_giant

Skill      XL: |  1  2  3  4  5  6  7  8  9 10 11 12 13 14 15 16 17 18 |
---------------+-------------------------------------------------------+-----
Earth Magic    | 4 5 6 7 8 9 10 11 12 | 12.7
Spellcasting   | 3 4 5 6 7 8 9 10 11 | 11.9
Conjurations   | 1 2 3 4 5 6 7 8 9 10 11 12 | 12.9
Maces & Flails | 1 3 4 5 6 7 8 9 |  9.7
Armour         | 1 3 4 5 6 7 8 9 10 11 | 11.5
Fighting       | 1 3 4 5 7 8 9 10 11 12 | 12.0
Evocations     | 1 2 3 4 5 6 7 8 9 10 | 10.1
Dodging        | 2 3 4 5 6 7 8 9 10 | 10.5
Shields        | 1 3 5 6 7 8 9 10 | 10.7
Fire Magic     | 2 3 4 6 7 9 10 | 10.9
Stealth        | |  2.1
Transmutations | |  0.7

Action                   |  1- 3 |  4- 6 |  7- 9 | 10-12 | 13-15 | 16-18 || total
-------------------------+-------+-------+-------+-------+-------+-------++-------
Melee: Dagger            |    20 |       |       |       |       |       ||    20
       Club              |   101 |    65 |       |       |       |       ||   166
       Whip              |       |   119 |     8 |       |       |       ||   127
       Staff             |       |       |    15 |    36 |    49 |    44 ||   144
       Eveningstar       |       |       |       |     5 |       |       ||     5
 Cast: Sandblast         |    36 |    39 |    32 |    50 |    87 |   149 ||   393
       Stone Arrow       |       |     5 |   131 |   368 |   907 |   242 ||  1653
       Lee's Rapid Decon |       |       |     6 |    36 |    28 |    34 ||   104
       Conjure Flame     |       |       |       |     2 |     1 |     2 ||     5
       Sticky Flame      |       |       |       |       |    59 |    34 ||    93
       Blink             |       |       |       |       |     4 |       ||     4
       Fireball          |       |       |       |       |     4 |   103 ||   107
       Iron Shot         |       |       |       |       |       |   465 ||   465
       Ignition          |       |       |       |       |       |     1 ||     1
 Abil: Fly               |       |       |       |       |       |     1 ||     1
Evoke: Wand              |       |       |       |       |       |    12 ||    12
       Crystal ball of e |       |       |       |       |       |     1 ||     1
  Use: Scroll            |       |     8 |     8 |    13 |     5 |    13 ||    47
       Potion            |       |       |       |       |     1 |     4 ||     5
 Stab: Sleeping          |     1 |     3 |       |       |       |       ||     4
       Invisible         |       |     1 |       |       |       |       ||     1
  Eat: Chunk             |     4 |    10 |    33 |    42 |    60 |   146 ||   295
       Royal jelly       |       |       |       |       |       |     5 ||     5
       Fruit             |       |       |       |       |       |     4 ||     4
       Meat ration       |       |       |       |       |       |     2 ||     2
Armor: Robe              |    50 |    68 |    17 |    74 |   302 |    97 ||   608
       Leather armour    |       |       |       |     2 |       |       ||     2
       Troll leather arm |       |       |       |       |       |   421 ||   421
       Skin              |       |       |       |       |       |     1 ||     1
Dodge: Dodged            |   124 |   197 |    52 |   161 |   486 |   554 ||  1574
Block: Shield            |       |       |       |       |       |    28 ||    28
       Reflection        |       |       |       |       |       |     2 ||     2
